 Dungeon Sprint DCSS version 0.27.1-33-g824d729ab1 (webtiles) character file.

Game seed: 1603670042911923334

439 manyhoops the Stormcaller (level 7, -8/36 HPs)
             Began as a Tengu Air Elementalist on Nov 29, 2021.
             Was an Initiate of Sif Muna.
             Mangled by a slime creature (21 damage)
             ... in the Dungeon (Sprint I: "Red Sonja").
             The game lasted 00:02:12 (584 turns).

manyhoops the Stormcaller (Tengu Air Elementalist)   Turns: 584, Time: 00:02:13

Health: -8/36      AC:  2    Str:  8    XL:     7   Next: 1%
Magic:  1/11       EV: 14    Int: 18    God:    Sif Muna [......]
Gold:   326        SH:  0    Dex: 14    Spells: 0/10 levels left

rFire    . . .     SeeInvis .   (no weapon)
rCold    . . .     Faith    .   (no shield)
rNeg     . . .     Spirit   .   a - +0 robe
rPois    .         Reflect  .   (helmet restricted)
rElec    .         Harm     .   (no cloak)
rCorr    .         Rampage  .   (no gloves)
Will     .....     NoTele   +   (boots unavailable)
Stlth    ++........             (no amulet)
HPRegen  0.12/turn              (no ring)
MPRegen  0.12/turn              (no ring)

@: flying quickly and evasively, quick
A: beak, talons 3, nimble flight
a: Renounce Religion


You were in the Dungeon.
You worshipped Sif Muna.
Sif Muna was noncommittal.
You visited 1 branch You collected 326 gold pieces.

Inventory:

Armour
 a - a +0 robe (worn)
Scrolls
 c - a scroll of enchant armour {unknown}
 g - a scroll of blinking
Potions
 b - a potion of curing
 e - 2 potions of magic


   Skills:
 - Level 2.1 Dodging
 - Level 2.0 Stealth
 + Level 2.0 Spellcasting
 - Level 10.1 Conjurations
 - Level 15.3 Air Magic


You couldn't memorise any spells.
You knew the following spells:

 Your Spells              Type           Power      Damage    Failure   Level
a - Shock                 Conj/Air       100%       1d9       1%          1
b - Static Discharge      Conj/Air       47%        N/A       1%          2
c - Swiftness             Air            54%        N/A       1%          3
d - Airstrike             Air            27%        N/A       1%          4

Your spell library contained the following spells:

 Spells                   Type           Power      Damage    Failure   Level


Dungeon Overview and Level Annotations

Branches:
Dungeon (1/1)

Altars:
Cheibriados
Dithmenos
Elyvilon
Fedhas
Gozag
Hepliaklqana
Kikubaaqudgha
Makhleb
Nemelex Xobeh
Okawaru
Qazlal
Ru
Sif Muna
Trog
Uskayaw
Vehumet
Wu Jian
Xom
Yredelemnul
Zin
The Shining One
Jiyva
Lugonu

Shops:
D :


Innate Abilities, Weirdness & Mutations

You have a beak for a mouth.
You have claws for feet.
Your magical nature lets you fly swiftly and evasively.


Message History

Casting: Airstrike (safe; 1% risk of failure)
Confirm with . or Enter, or press ? or * to list all spells.
Aiming: Airstrike (safe; 1% risk of failure)
Press: ? - help, Dir - move target, f/p - slime creature
Aim: a slime creature (moderately wounded)
The air twists around and strikes the slime creature!
The slime creature is heavily wounded.
Casting: Airstrike (safe; 1% risk of failure)
Confirm with . or Enter, or press ? or * to list all spells.
You don't have enough magic to cast this spell.
Unknown command.
There is an open door here.
Casting: Airstrike (safe; 1% risk of failure)
Confirm with . or Enter, or press ? or * to list all spells.
Aiming: Shock (safe; 1% risk of failure)
Press: ? - help, Shift-Dir - straight line, f/p - slime creature
Aim: a slime creature (moderately wounded, 94% to hit)
The zap hits the slime creature.
The slime creature is moderately wounded.
The slime creature hits you.
Unknown command.
Casting: Shock (safe; 1% risk of failure)
Confirm with . or Enter, or press ? or * to list all spells.
Aiming: Shock (safe; 1% risk of failure)
Press: ? - help, Shift-Dir - straight line, f/p - slime creature
Aim: a slime creature (moderately wounded, 94% to hit)
The zap hits the slime creature.
The slime creature is moderately wounded.
The slime creature hits you!!
Ouch! That really hurt!
Casting: Shock (safe; 1% risk of failure)
Confirm with . or Enter, or press ? or * to list all spells.
Aiming: Shock (safe; 1% risk of failure)
Press: ? - help, Shift-Dir - straight line, f/p - slime creature
Aim: a slime creature (moderately wounded, 94% to hit)
The zap hits the slime creature.
The slime creature is heavily wounded.
The slime creature hits you!!
Ouch! That really hurt!
You die...

################ ##
#<.#..)..#.@J..#__#
#..)..#..').#..'..+
#..#####'#####'#__#
#..####..#...#.# ##
#..#__####..##.#
#..#_____##'#_.+
#⌠⌠#_.∩...'..._#
####_..__##_.#'#
#_____###+#.#


You could see a slime creature.

Vanquished Creatures
  Sigmund (D)
  A yak (D)
  An ogre (D)
  A jelly (D)
  Ijyb (D)
5 creatures vanquished.

Vanquished Creatures (others)
  A gargoyle (D)
1 creature vanquished.

Grand Total: 6 creatures vanquished

Notes
Turn   | Place    | Note
-------+----------+-------------------------------------------
     0 | D        | manyhoops the Tengu Air Elementalist began the quest for
                  | the Orb.
     0 | D        | Reached XP level 1. HP: 10/10 MP: 4/4
     1 | D        | Noticed Ijyb
    15 | D        | Killed Ijyb
    16 | D        | Reached skill level 7 in Air Magic
    16 | D        | Reached XP level 2. HP: 15/15 MP: 1/6
    16 | D        | Reached XP level 3. HP: 19/19 MP: 1/7
    45 | D        | Killed a gargoyle
    62 | D        | Learned a level 2 spell: Static Discharge
    66 | D        | Learned a level 3 spell: Swiftness
    68 | D        | Noticed an ogre
    72 | D        | Killed an ogre
    73 | D        | Reached skill level 10 in Air Magic
    73 | D        | Reached XP level 4. HP: 24/24 MP: 3/8
   124 | D        | Noticed Sigmund
   130 | D        | Killed Sigmund
   131 | D        | Reached skill level 13 in Air Magic
   131 | D        | Gained mutation: Your magical nature lets you fly swiftly
                  | and evasively. [Tengu growth]
   131 | D        | Reached XP level 5. HP: 20/28 MP: 2/9
   131 | D        | Reached XP level 6. HP: 23/32 MP: 2/10
   224 | D        | Found an ornate altar of the Wu Jian Council.
   224 | D        | Found a shimmering blue altar of Sif Muna.
   227 | D        | Reached skill level 14 in Air Magic
   227 | D        | Found a radiant altar of Vehumet.
   248 | D        | Found Mukloah's Book Emporium.
   248 | D        | Found an ancient bone altar of Kikubaaqudgha.
   248 | D        | Found a hazy altar of Hepliaklqana.
   248 | D        | Found a stormy altar of Qazlal.
   248 | D        | Found a hide-covered altar of Uskayaw.
   248 | D        | Found a blossoming altar of Fedhas.
   248 | D        | Found a bloodstained altar of Trog.
   248 | D        | Found an iron altar of Okawaru.
   248 | D        | Found a basalt altar of Yredelemnul.
   248 | D        | Found a glowing golden altar of the Shining One.
   248 | D        | Found a snail-covered altar of Cheibriados.
   248 | D        | Found a sacrificial altar of Ru.
   248 | D        | Found a glowing silver altar of Zin.
   248 | D        | Found a shadowy altar of Dithmenos.
   248 | D        | Found a white marble altar of Elyvilon.
   248 | D        | Noticed a yak
   366 | D        | Killed a yak
   367 | D        | Reached skill level 10 in Conjurations
   367 | D        | Reached skill level 15 in Air Magic
   367 | D        | Reached XP level 7. HP: 17/36 MP: 0/11
   408 | D        | Found an opulent altar of Gozag.
   409 | D        | Found a sparkling altar of Nemelex Xobeh.
   541 | D        | Learned a level 4 spell: Airstrike
   563 | D        | Became a worshipper of Sif Muna the Loreminder
   576 | D        | Found a burning altar of Makhleb.
   576 | D        | Found a viscous altar of Jiyva.
   576 | D        | Found a shimmering altar of Xom.
   576 | D        | Found a corrupted altar of Lugonu.
   576 | D        | Noticed a slime creature
   584 | D        | Mangled by a slime creature

Illustrated notes

Levels and vault maps discovered:
D:        dungeon_sprint_1 [red_sonja_temple_1, red_sonja_temple_small_1]

Skill      XL: |  1  2  3  4  5  6 |
---------------+-------------------+-----
Conjurations   | 4 6 8 10 | 10.1
Air Magic      | 7 10 13 15 | 15.3
Dodging        | |  2.1
Stealth        | |  2.0
Spellcasting   | |  2.0

Action                   |  1- 3 |  4- 6 |  7- 9 || total
-------------------------+-------+-------+-------++-------
Melee: Unarmed           |    10 |     4 |       ||    14
       Kick              |     1 |     1 |       ||     2
 Cast: Shock             |     7 |    18 |     3 ||    28
       Static Discharge  |       |     2 |       ||     2
       Swiftness         |       |     1 |       ||     1
       Airstrike         |       |       |     2 ||     2
  Use: Potion            |     1 |     2 |       ||     3
Armor: Robe              |     2 |       |       ||     2
Dodge: Dodged            |     7 |     5 |       ||    12
